 Dungeon Crawl Stone Soup version 0.17.1-1-g73c8601 (console) character file.

357 Kloppie the Chopper (level 6, -10/56 HPs)
             Began as a Minotaur Gladiator on Dec 24, 2015.
             Was a Follower of Makhleb.
             Mangled by an ogre
             ... wielding a +0 giant club
              (19 damage)
             ... on level 5 of the Dungeon.
             The game lasted 00:05:15 (2926 turns).

Kloppie the Chopper (Minotaur Gladiator)            Turns: 2926, Time: 00:05:15

Health: -10/56     AC:  6    Str: 19    XL:     6   Next: 37%
Magic:  5/5        EV: 12    Int:  5    God:    Makhleb [*.....]
Gold:   235        SH:  0    Dex: 13    Spells: 0 memorised, 5 levels left

rFire  . . .     SeeInvis .     a - +0 war axe
rCold  . . .     Clarity  .     D - +0 scale mail
rNeg   . . .     SustAt   .     (no shield)
rPois  +         Gourm    .     c - +0 hat
rElec  .         Spirit   .     (no cloak)
rCorr  .         Warding  .     (no gloves)
rMut   .         Stasis   .     (no boots)
MR     .....                    (no amulet)
Stlth  ..........               E - +2 ring of slaying
                                m - ring of poison resistance

@: not resistant to hostile enchantments, extremely unstealthy
A: retaliatory headbutt, horns 2
a: Renounce Religion


You were on level 5 of the Dungeon.
You worshipped Makhleb.
Makhleb was aware of your devotion.
You were not hungry.

You visited 1 branch of the dungeon, and saw 5 of its levels.

You collected 235 gold pieces.

Inventory:

Hand Weapons
 a - a +0 war axe (weapon)
 b - a +0 morningstar
Missiles
 d - 3 throwing nets (quivered)
Armour
 c - a +0 hat (worn)
 D - a +0 scale mail (worn)
Jewellery
 m - a ring of poison resistance (left hand)
 E - a +2 ring of slaying (right hand)
Wands
 r - a wand of teleportation (4)
Scrolls
 k - a scroll of blinking {unknown}
 s - 2 scrolls of enchant weapon {unknown}
 t - 2 scrolls of remove curse {unknown}
 u - a scroll of fog {unknown}
 w - a scroll of fear {unknown}
 y - 3 scrolls of identify {unknown}
 B - a scroll of immolation {unknown}
 C - a scroll of amnesia {unknown}
Potions
 f - 3 potions of curing {unknown}
 g - 3 potions of brilliance {unknown}
 i - a potion of beneficial mutation {unknown}
 j - a potion of flight {unknown}
 l - 3 potions of haste {unknown}
 n - 2 potions of might {unknown}
 o - 2 potions of cancellation {unknown}
 p - 2 potions of ambrosia {unknown}
 v - a potion of agility {unknown}
 z - a potion of magic {unknown}
Comestibles
 e - 2 bread rations
 h - a royal jelly
 q - a beef jerky
 x - 2 meat rations
 A - a chunk of flesh


   Skills:
 + Level 5.0 Fighting
 + Level 5.6 Axes
 - Level 2.0 Throwing
 + Level 2.4 Armour
 - Level 4.8 Dodging


You had 5 spell levels left.
You didn't know any spells.

Dungeon Overview and Level Annotations

Branches:
Dungeon (5/15)
 Temple: D:4-7

Altars:
Fedhas
Makhleb
Nemelex Xobeh
Sif Muna
The Shining One

Annotations:
D:3 flt's ghost, amateur HOMo


Innate Abilities, Weirdness & Mutations

You reflexively headbutt those who attack you in melee.
You have a pair of horns on your head.


Message History

You are too injured to fight recklessly!
You are too injured to fight recklessly!
You see here a scale mail.
The ogre hits you with a giant club!
* * * LOW HITPOINT WARNING * * *
The hound barely misses you.
There is a stone staircase leading up, spattered with blood here.
Drink which item? (? for menu, Esc to quit)
Okay, then.
You closely miss the hound. You headbutt the hound.
You kill the hound!
Makhleb accepts your kill.
Your Fighting skill increases to level 5!
You slash the ogre!
The ogre is almost dead.
The ogre closely misses you.
You barely miss the ogre.
The ogre is almost dead.
The ogre hits you with a giant club!!
You die...

.! ## .. ...
.##.# ....
####+###>..
#........###.#
#..........Z.#
###.....O.#
.......@Z.#
........###
..!..##.. ###.
.%.. .. ......
#. ......!. .
.$........
...!........


You could see an ogre and a jackal zombie.

Vanquished Creatures
  A phantom (D:4)
  A hound (D:5)
  An iguana (D:4)
  3 worker ants (D:4)
  3 gnolls (D:4)
  3 adders
  3 worms (D:2)
  9 orcs (D:4)
  A ball python (D:2)
  7 bats
  4 hobgoblins
  6 jackals
  4 kobolds
  A quokka (D:4)
  A ball python skeleton (D:4)
  3 giant cockroaches
  4 giant geckos
  3 giant newts
  8 goblins
  6 rats
72 creatures vanquished.

Notes
Turn   | Place    | Note
--------------------------------------------------------------
     0 | D:1      | Kloppie the Minotaur Gladiator began the quest for the Orb.
     0 | D:1      | Reached XP level 1. HP: 18/18 MP: 0/0
   576 | D:1      | Reached XP level 2. HP: 25/25 MP: 1/1
   669 | D:1      | Reached skill level 4 in Axes
   813 | D:1      | Found a sparkling altar of Nemelex Xobeh.
  1076 | D:2      | Reached XP level 3. HP: 23/31 MP: 2/2
  1536 | D:3      | Found a blossoming altar of Fedhas.
  1538 | D:3      | Noticed flt's ghost (amateur HOMo)
  1590 | D:4      | Reached XP level 4. HP: 7/38 MP: 3/3
  1880 | D:4      | Found a burning altar of Makhleb.
  1883 | D:4      | Became a worshipper of Makhleb the Destroyer
  1923 | D:4      | Found a deep blue altar of Sif Muna.
  1926 | D:4      | Reached XP level 5. HP: 41/46 MP: 4/4
  2236 | D:4      | Noticed a phantom
  2255 | D:4      | Killed a phantom
  2255 | D:4      | Reached skill level 5 in Axes
  2255 | D:4      | Reached skill level 1 in Armour
  2267 | D:4      | Reached * piety under Makhleb
  2305 | D:4      | Reached XP level 6. HP: 29/53 MP: 5/5
  2846 | D:4      | Found a glowing golden altar of the Shining One.
  2914 | D:5      | Entered Level 5 of the Dungeon
  2925 | D:5      | Reached skill level 5 in Fighting
  2926 | D:5      | Mangled by an ogre

Action                   |  1- 3 |  4- 6 || total
-------------------------+-------+-------++-------
Melee: War axe           |    75 |    84 ||   159
  Eat: Chunk             |     2 |     5 ||     7
